Predators vs Maple Leafs
Created - April 25, 2020 at 20:01
Goals
|
Predators |
0 |
0 |
2 |
2 |
Maple Leafs |
2 |
2 |
1 |
5 |
|
Shots
|
Predators |
17 |
6 |
7 |
30 |
Maple Leafs |
10 |
11 |
11 |
32 |
|
1st period
1. Maple Leafs , Mika Zibanejad 20 (John Klingberg 25, Braydon Coburn 22) at 15:42
2. Maple Leafs , Jake Guentzel 3 (Nate Thompson 7, Hampus Lindholm 25) at 19:55
Penalties :
Braydon Coburn (Tor) for Delaying the game (Minor) at 7:39
2nd period
3. Maple Leafs , Blake Comeau 8 (Kevin Shattenkirk 46, Mika Zibanejad 18) at 0:57
4. Maple Leafs , Jordan Staal 26 (Brayden Schenn 28, Calvin de Haan 6) at 17:30 (SH)
Penalties :
Justin Abdelkader (Nas) for Boarding (Minor) at 7:36, Mikael Granlund (Nas) for High sticking (Minor) at 13:24, Kevin Shattenkirk (Tor) for Slashing (Minor) at 16:30, John Klingberg (Tor) for Fighting (Major) at 19:47, Brendan Gallagher (Nas) for Fighting (Major) at 19:47
3rd period
5. Predators , Alexander Edler 17 (Niclas Bergfors 30, Alexander Ovechkin 59) at 2:05 (PP)
6. Predators , Alexander Edler 18 (Mikael Granlund 55, Alexander Ovechkin 60) at 9:44 (PP)
7. Maple Leafs , Patrick Kane 52 (Jordan Staal 50, Braydon Coburn 23) at 15:26
Penalties :
Taylor Hall (Tor) for Hooking (Minor) at 1:53, Blake Comeau (Tor) for Tripping (Minor) at 9:23, Andy Miele (Nas) for Hooking (Minor) at 12:09
Goalie Stats
Anders Lindback (Nas), 14 saves from 18 shots - (0.778), L, 5-10-2, 37:30 minutes
Viktor Fasth (Nas), 13 saves from 14 shots - (0.929), 22:30 minutes
Marc-André Fleury (Tor), 28 saves from 30 shots - (0.933), W, 29-25-8, 60:00 minutes
Players Stats for Predators
Player Name G A P +/- PIM S H SB GA TA FO MP PP MP PK MP
------------------------------------------------------------------------------------
Alex Killorn 0 0 0 -1 0 1 4 1 2 2 1/1 15:58 0:48 0:00
Alexander Edler 2 0 2 -1 0 4 0 1 2 0 0/0 28:18 3:55 3:19
Alexander Ovechkin 0 2 2 -2 0 4 0 2 1 0 5/9 23:54 3:43 3:33
Alexander Steen 0 0 0 -2 0 1 0 0 0 0 0/0 10:19 0:00 0:47
Andy Miele 0 0 0 -2 2 1 1 1 0 1 5/9 10:47 0:00 0:54
Brendan Gallagher 0 0 0 -1 5 1 0 0 2 0 0/3 17:31 0:48 3:08
Byron Bitz 0 0 0 0 0 1 0 0 0 0 0/0 8:21 0:00 0:00
Denis Grebeshkov 0 0 0 -2 0 0 2 0 0 0 0/0 12:41 0:00 0:38
John Moore 0 0 0 -2 0 0 4 0 0 0 0/0 19:07 0:36 2:00
Justin Abdelkader 0 0 0 0 2 5 0 0 0 0 0/0 9:49 0:00 0:58
Justin Faulk 0 0 0 -2 0 0 0 1 0 0 0/0 17:45 0:36 0:38
Maxim Afinogenov 0 0 0 -2 0 4 2 0 1 0 0/0 12:19 0:00 1:33
Mikael Granlund 0 1 1 -2 2 3 1 1 1 0 13/24 21:03 3:43 1:01
Nate Schmidt 0 0 0 -2 0 1 1 0 0 1 0/0 13:57 0:00 2:00
Niclas Bergfors 0 1 1 -2 0 2 2 1 0 0 0/1 19:52 3:43 0:00
Nik Antropov 0 0 0 0 0 0 0 0 1 0 0/2 8:08 0:00 0:00
Ryan Kesler 0 0 0 -1 0 1 2 2 1 0 5/13 15:58 0:48 0:00
Ryan Mcdonagh 0 0 0 -1 0 1 0 2 0 0 0/0 28:12 3:55 3:19
Players Stats for Maple Leafs
Player Name G A P +/- PIM S H SB GA TA FO MP PP MP PK MP
------------------------------------------------------------------------------------
Beau Bennett 0 0 0 1 0 2 0 0 0 0 0/0 7:07 0:00 0:00
Ben Smith 0 0 0 0 0 0 2 0 0 0 1/1 15:40 2:57 0:00
Blake Comeau 1 0 1 2 2 1 1 2 0 0 0/0 11:32 0:03 0:12
Brayden Schenn 0 1 1 1 0 2 2 1 0 0 9/15 17:51 2:57 1:21
Braydon Coburn 0 2 2 4 2 1 0 0 1 3 0/0 27:06 3:46 1:44
Calvin de Haan 0 1 1 2 0 2 1 0 0 0 0/0 16:31 0:00 3:27
Eric Nystrom 0 0 0 2 0 0 1 0 0 0 0/0 11:21 0:03 0:00
Hampus Lindholm 0 1 1 1 0 0 0 0 0 2 0/0 14:16 0:00 0:00
Jake Guentzel 1 0 1 1 0 3 0 0 0 0 0/1 7:07 0:00 0:00
John Klingberg 0 1 1 0 5 1 0 0 0 1 0/0 17:36 2:11 0:43
Jordan Staal 1 1 2 2 0 1 2 0 0 1 14/23 22:25 2:57 1:04
Kevin Shattenkirk 0 1 1 3 2 5 1 0 0 1 0/0 25:22 3:46 2:13
Kyle Clifford 0 0 0 0 0 2 0 0 2 2 0/0 15:57 2:57 0:17
Mika Zibanejad 1 1 2 2 0 4 3 0 0 0 4/10 11:21 0:03 0:00
Nate Thompson 0 1 1 1 0 0 1 0 0 0 2/2 7:07 0:00 0:00
Patrick Kane 1 0 1 1 0 3 0 1 0 1 3/8 23:41 2:57 3:10
Ryan Parent 0 0 0 0 0 0 0 0 0 0 0/0 19:56 2:11 0:55
Taylor Hall 0 0 0 1 2 5 5 1 1 0 0/2 23:28 2:57 2:58
3 Stars
1 - Mika Zibanejad (Tor)
2 - Jordan Staal (Tor)
3 - Braydon Coburn (Tor)
Power Play
Predators - 2 on 4 Attempt(s) - 50.00%
Maple Leafs - 0 on 3 Attempt(s) - 0.00%
Penalty Kill
Predators - 3 on 3 Attempt(s) - 100.00%
- Score 0 goal in Penalty Kill
Maple Leafs - 2 on 4 Attempt(s) - 50.00%
- Score 1 goal in Penalty Kill
Team Stat
Predators - Hits : 19 - Faceoff Wins : 29 - Blocked Shots : 12 - Penalty Minutes : 11
Maple Leafs - Hits : 19 - Faceoff Wins : 33 - Blocked Shots : 5 - Penalty Minutes : 13
Official
Referees : Unknown
Linesman : Unknown
Game Notes
Viktor Fasth enters game at 17:30 of 2nd period
Brendan Gallagher beats up John Klingberg at 19:47 of 2nd period
Finance
Level 1 -- Attendance: 5540 (92.33%) -- Ticket Income $609,400
Level 2 -- Attendance: 4348 (86.96%) -- Ticket Income $304,360
Level 3 -- Attendance: 1521 (76.05%) -- Ticket Income $69,966
Level 4 -- Attendance: 3567 (89.18%) -- Ticket Income $107,010
Luxury Box -- Attendance: 1000 (100.00%) -- Ticket Income $180,000
Game was played at the Maple Leafs Garden.
Total Attendance: 15976 (88.76%)
Total Ticket Income: $1,270,736
Other Income: $190,610
Total Income: $1,461,346
Predators
5 vs 5 Forward
Center Left Wing Right Wing Time % Phy DF OF
1 Mikael Granlund Alexander Ovechkin Niclas Bergfors 40 1 2 2
2 Ryan Kesler Alex Killorn Brendan Gallagher 30 1 2 2
3 Andy Miele Alexander Steen Maxim Afinogenov 20 1 2 2
4 Nik Antropov Justin Abdelkader Byron Bitz 10 1 2 2
5 vs 5 Defense
Defense Defense Time % Phy DF OF
1 Ryan Mcdonagh Alexander Edler 40 1 2 2
2 John Moore Justin Faulk 30 1 3 1
3 Nate Schmidt Denis Grebeshkov 20 1 2 2
4 Ryan Mcdonagh Alexander Edler 10 1 3 1
PowerPlay Forward
Center Left Wing Right Wing Time % Phy DF OF
1 Mikael Granlund Alexander Ovechkin Niclas Bergfors 60 1 1 3
2 Ryan Kesler Alex Killorn Brendan Gallagher 40 1 1 3
PowerPlay Defense
Defense Defense Time % Phy DF OF
1 Ryan Mcdonagh Alexander Edler 60 1 1 3
2 John Moore Justin Faulk 40 1 1 3
Penalty Kill 4 Players Forward
Center Wing Time % Phy DF OF
1 Alexander Ovechkin Brendan Gallagher 60 1 2 2
2 Andy Miele Maxim Afinogenov 40 1 2 2
Penalty Kill 4 Players Defense
Defense Defense Time % Phy DF OF
1 Ryan Mcdonagh Alexander Edler 60 1 3 1
2 John Moore Nate Schmidt 40 1 3 1
Penalty Kill - 3 Players Forward
Forward Time % Phy DF OF
1 Andy Miele 60 1 2 2
2 Alexander Ovechkin 40 1 2 2
Penalty Kill - 3 Players Defense
Defense Defense Time % Phy DF OF
1 Ryan Mcdonagh Alexander Edler 60 1 2 2
2 John Moore Nate Schmidt 40 1 2 2
4 vs 4 Forward
Center Wing Time % Phy DF OF
1 Ryan Kesler Niclas Bergfors 60 1 2 2
2 Mikael Granlund Alexander Ovechkin 40 1 2 2
4 vs 4 Defense
Defense Defense Time % Phy DF OF
1 Ryan Mcdonagh Alexander Edler 60 1 2 2
2 John Moore Justin Faulk 40 1 2 2
Last Minutes Offensive
Center Left Wing Right Wing Defense Defense
Ryan Kesler Alexander Ovechkin Niclas Bergfors Ryan Mcdonagh Alexander Edler
Last Minutes Defensive
Center Left Wing Right Wing Defense Defense
Ryan Kesler Alexander Ovechkin Andy Miele Ryan Mcdonagh John Moore
Goaltenders
Starting : Anders Lindback
Backup : Viktor Fasth
Extra Forwards
Normal : Maxim Afinogenov, Alexander Steen, Andy Miele - PP : Maxim Afinogenov, Alexander Steen - PK : Justin Abdelkader
Extra Defensemen
Normal : Justin Faulk, Nate Schmidt, John Moore - PP : John Moore - PK : Justin Faulk, Nate Schmidt
Penalty Shots
Ryan Kesler, Niclas Bergfors, Alexander Ovechkin, Mikael Granlund, Maxim Afinogenov
Scratches
Dmitri Kalinin (Healthy), George Parros (Healthy)
Maple Leafs
5 vs 5 Forward
Center Left Wing Right Wing Time % Phy DF OF
1 Jordan Staal Taylor Hall Patrick Kane 40 1 2 2
2 Brayden Schenn Kyle Clifford Ben Smith 30 1 2 2
3 Mika Zibanejad Eric Nystrom Blake Comeau 20 1 2 2
4 Nate Thompson Jake Guentzel Beau Bennett 10 1 2 2
5 vs 5 Defense
Defense Defense Time % Phy DF OF
1 Kevin Shattenkirk Braydon Coburn 40 1 2 2
2 John Klingberg Ryan Parent 30 1 2 2
3 Hampus Lindholm Calvin de Haan 20 1 2 2
4 Kevin Shattenkirk Braydon Coburn 10 1 2 2
PowerPlay Forward
Center Left Wing Right Wing Time % Phy DF OF
1 Jordan Staal Taylor Hall Patrick Kane 60 1 2 2
2 Brayden Schenn Kyle Clifford Ben Smith 40 1 2 2
PowerPlay Defense
Defense Defense Time % Phy DF OF
1 Kevin Shattenkirk Braydon Coburn 60 1 2 2
2 John Klingberg Ryan Parent 40 1 2 2
Penalty Kill 4 Players Forward
Center Wing Time % Phy DF OF
1 Patrick Kane Taylor Hall 60 1 2 2
2 Jordan Staal Brayden Schenn 40 1 2 2
Penalty Kill 4 Players Defense
Defense Defense Time % Phy DF OF
1 Kevin Shattenkirk Braydon Coburn 60 1 2 2
2 John Klingberg Ryan Parent 40 1 2 2
Penalty Kill - 3 Players Forward
Forward Time % Phy DF OF
1 Patrick Kane 60 1 2 2
2 Taylor Hall 40 1 2 2
Penalty Kill - 3 Players Defense
Defense Defense Time % Phy DF OF
1 Kevin Shattenkirk Braydon Coburn 60 1 2 2
2 John Klingberg Ryan Parent 40 1 2 2
4 vs 4 Forward
Center Wing Time % Phy DF OF
1 Patrick Kane Taylor Hall 60 1 2 2
2 Jordan Staal Brayden Schenn 40 1 2 2
4 vs 4 Defense
Defense Defense Time % Phy DF OF
1 Kevin Shattenkirk Braydon Coburn 60 1 2 2
2 John Klingberg Ryan Parent 40 1 2 2
Last Minutes Offensive
Center Left Wing Right Wing Defense Defense
Jordan Staal Taylor Hall Patrick Kane Kevin Shattenkirk Braydon Coburn
Last Minutes Defensive
Center Left Wing Right Wing Defense Defense
Jordan Staal Taylor Hall Patrick Kane Kevin Shattenkirk Braydon Coburn
Goaltenders
Starting : Marc-André Fleury
Backup : Tyler Weiman
Extra Forwards
Normal : Eric Nystrom, Mika Zibanejad, Blake Comeau - PP : Eric Nystrom, Mika Zibanejad - PK : Blake Comeau
Extra Defensemen
Normal : Hampus Lindholm, Calvin de Haan, John Klingberg - PP : Hampus Lindholm - PK : Calvin de Haan, John Klingberg
Penalty Shots
Patrick Kane, Taylor Hall, Jordan Staal, Brayden Schenn, Kyle Clifford
Scratches
Marc-Édouard Vlasic (Strained Right Elbow Injury)
% Time on Ice - Predators
Lines # - Real PCT - Wanted PCT - Time Play
Normal Forward
1 - 34% - 40% - 16:49
2 - 31% - 30% - 15:14
3 - 19% - 20% - 9:21
4 - 16% - 10% - 8:08
Normal Defense
1 - 38% - 40% - 18:45
2 - 33% - 30% - 16:31
3 - 24% - 20% - 11:49
4 - 5% - 10% - 2:27
PP Forward
1 - 82% - 60% - 3:43
2 - 18% - 40% - 0:48
PP Defense
1 - 87% - 60% - 3:55
2 - 13% - 40% - 0:36
PK Forward
1 - 74% - 60% - 4:24
2 - 26% - 40% - 1:33
PK Defense
1 - 66% - 60% - 3:57
2 - 34% - 40% - 2:00
PK3 Forward
1 - 0% - 60%
2 - 0% - 40%
PK3 Defense
1 - 0% - 60%
2 - 0% - 40%
44 Forward
1 - 0% - 60%
2 - 0% - 40%
44 Defense
1 - 0% - 60%
2 - 0% - 40%
Last Minute Offensive - 0:00
Last Minute Defensive - 0:00
Total
Forward - 60:00
Defense - 60:00
|
% Time on Ice - Maple Leafs
Lines # - Real PCT - Wanted PCT - Time Play
Normal Forward
1 - 35% - 40% - 17:34
2 - 27% - 30% - 13:33
3 - 23% - 20% - 11:18
4 - 14% - 10% - 7:07
Normal Defense
1 - 37% - 40% - 18:21
2 - 34% - 30% - 16:50
3 - 25% - 20% - 12:24
4 - 4% - 10% - 1:57
PP Forward
1 - 50% - 60% - 3:00
2 - 50% - 40% - 2:57
PP Defense
1 - 63% - 60% - 3:46
2 - 37% - 40% - 2:11
PK Forward
1 - 76% - 60% - 3:27
2 - 24% - 40% - 1:04
PK Defense
1 - 80% - 60% - 3:36
2 - 20% - 40% - 0:55
PK3 Forward
1 - 0% - 60%
2 - 0% - 40%
PK3 Defense
1 - 0% - 60%
2 - 0% - 40%
44 Forward
1 - 0% - 60%
2 - 0% - 40%
44 Defense
1 - 0% - 60%
2 - 0% - 40%
Last Minute Offensive - 0:00
Last Minute Defensive - 0:00
Total
Forward - 60:00
Defense - 60:00
|
Play-by-Play
1st period
0:01 of 1st period - Mikael Granlund wins face-off versus Jordan Staal in neutral zone.
0:04 of 1st period - Slapshot by Alexander Edler.
0:04 of 1st period - Shot Misses the Net.
0:30 of 1st period - Snap shot by Brendan Gallagher.
0:30 of 1st period - Deflect By Ryan Kesler.
0:30 of 1st period - Shot Misses the Net.
0:30 of 1st period - Puck is out of play.
0:31 of 1st period - Brayden Schenn wins face-off versus Andy Miele in Maple Leafs zone.
0:38 of 1st period - Wrist shot by Kyle Clifford.
0:38 of 1st period - Stopped by Anders Lindback without a rebound.
0:39 of 1st period - Andy Miele wins face-off versus Mika Zibanejad in Predators zone.
1:10 of 1st period - Wrist shot by Beau Bennett.
1:10 of 1st period - Stopped by Anders Lindback without a rebound.
1:11 of 1st period - Jordan Staal wins face-off versus Brendan Gallagher in Predators zone.
1:12 of 1st period - Snap shot by Taylor Hall.
1:12 of 1st period - Shot Misses the Net.
1:14 of 1st period - Snap shot by Calvin de Haan.
1:14 of 1st period - Stopped by Anders Lindback without a rebound.
1:15 of 1st period - Jordan Staal wins face-off versus Ryan Kesler in Predators zone.
1:48 of 1st period - Wrist shot by Mikael Granlund.
1:48 of 1st period - Stopped by Marc-André Fleury with a rebound.
1:50 of 1st period - Slapshot by Mikael Granlund.
1:50 of 1st period - Deflect By Niclas Bergfors.
1:50 of 1st period - Stopped by Marc-André Fleury without a rebound.
1:51 of 1st period - Mikael Granlund wins face-off versus Mika Zibanejad in Maple Leafs zone.
1:52 of 1st period - Snap shot by Alexander Ovechkin.
1:52 of 1st period - Stopped by Marc-André Fleury without a rebound.
1:53 of 1st period - Mikael Granlund wins face-off versus Mika Zibanejad in Maple Leafs zone.
2:10 of 1st period - Ryan Mcdonagh is hit by Eric Nystrom and loses puck.
2:21 of 1st period - Snap shot by Ryan Mcdonagh.
2:21 of 1st period - Deflect By Justin Abdelkader.
2:21 of 1st period - Shot Misses the Net.
2:21 of 1st period - Puck is out of play.
2:22 of 1st period - Jordan Staal wins face-off versus Nik Antropov in Maple Leafs zone.
3:20 of 1st period - Wrist shot by Mikael Granlund.
3:20 of 1st period - Shot Misses the Net.
3:26 of 1st period - Alexander Ovechkin is hit by Jordan Staal and loses puck.
3:43 of 1st period - Slapshot by Patrick Kane.
3:43 of 1st period - Shot Blocked by Mikael Granlund.
4:22 of 1st period - Snap shot by Jordan Staal.
4:22 of 1st period - Deflect By Taylor Hall.
4:22 of 1st period - Shot Misses the Net.
4:22 of 1st period - Puck is out of play.
4:23 of 1st period - Brayden Schenn wins face-off versus Ryan Kesler in Predators zone.
4:36 of 1st period - Wrist shot by Kyle Clifford.
4:36 of 1st period - Deflect By Ben Smith.
4:36 of 1st period - Shot Misses the Net.
4:36 of 1st period - Puck is out of play.
4:37 of 1st period - Ryan Kesler wins face-off versus Brayden Schenn in Predators zone.
4:42 of 1st period - Wrist shot by Ryan Kesler.
4:42 of 1st period - Stopped by Marc-André Fleury with a rebound.
4:44 of 1st period - Slapshot by Ryan Mcdonagh.
4:44 of 1st period - Deflect By Alex Killorn.
4:44 of 1st period - Stopped by Marc-André Fleury without a rebound.
4:45 of 1st period - Brayden Schenn wins face-off versus Ryan Kesler in Maple Leafs zone.
4:58 of 1st period - Snap shot by Ben Smith.
4:58 of 1st period - Shot Misses the Net.
5:10 of 1st period - Slapshot by Brayden Schenn.
5:10 of 1st period - Stopped by Anders Lindback without a rebound.
5:11 of 1st period - Andy Miele wins face-off versus Mika Zibanejad in Predators zone.
5:11 of 1st period - Andy Miele is hit by Mika Zibanejad.
5:37 of 1st period - Calvin de Haan is hit by Nate Schmidt and loses puck.
6:05 of 1st period - Nate Schmidt is hit by Nate Thompson and loses puck.
7:39 of 1st period - Minor Penalty to Braydon Coburn for Delaying the game.
7:40 of 1st period - Mikael Granlund wins face-off versus Taylor Hall in Maple Leafs zone.
8:06 of 1st period - Icing by Niclas Bergfors.
8:07 of 1st period - Patrick Kane wins face-off versus Mikael Granlund in Predators zone.
9:02 of 1st period - Wrist shot by Alexander Ovechkin.
9:02 of 1st period - Stopped by Marc-André Fleury with a rebound.
9:04 of 1st period - Slapshot by Alexander Edler.
9:04 of 1st period - Deflect By Patrick Kane.
9:04 of 1st period - Stopped by Marc-André Fleury with a rebound.
9:06 of 1st period - Slapshot by Alexander Edler.
9:06 of 1st period - Shot Misses the Net.
9:08 of 1st period - Snap shot by Mikael Granlund.
9:08 of 1st period - Shot Blocked by Patrick Kane.
9:38 of 1st period - Snap shot by Alexander Ovechkin.
9:38 of 1st period - Shot Blocked by Brayden Schenn.
9:39 of 1st period - Penalty to Braydon Coburn is over, Braydon Coburn is back on ice.
9:40 of 1st period - Snap shot by Mikael Granlund.
9:40 of 1st period - Stopped by Marc-André Fleury with a rebound.
10:16 of 1st period - Slapshot by Alexander Ovechkin.
10:16 of 1st period - Shot Misses the Net.
10:20 of 1st period - Wrist shot by Mikael Granlund.
10:20 of 1st period - Shot Misses the Net.
10:26 of 1st period - Snap shot by Alexander Ovechkin.
10:26 of 1st period - Stopped by Marc-André Fleury without a rebound.
10:27 of 1st period - Mika Zibanejad wins face-off versus Ryan Kesler in Maple Leafs zone.
10:27 of 1st period - Mika Zibanejad is hit by Alex Killorn.
10:35 of 1st period - Eric Nystrom is hit by John Moore and loses puck.
10:52 of 1st period - Snap shot by Justin Abdelkader.
10:52 of 1st period - Shot Misses the Net.
10:54 of 1st period - Wrist shot by Justin Abdelkader.
10:54 of 1st period - Stopped by Marc-André Fleury with a rebound.
10:56 of 1st period - Snap shot by Byron Bitz.
10:56 of 1st period - Stopped by Marc-André Fleury with a rebound.
11:24 of 1st period - Blake Comeau is hit by John Moore and loses puck.
11:35 of 1st period - Beau Bennett is hit by Alex Killorn and loses puck.
12:00 of 1st period - John Klingberg is hit by Denis Grebeshkov and loses puck.
12:05 of 1st period - Wrist shot by Justin Abdelkader.
12:05 of 1st period - Stopped by Marc-André Fleury with a rebound.
12:07 of 1st period - Slapshot by Justin Faulk.
12:07 of 1st period - Deflect By Justin Abdelkader.
12:07 of 1st period - Stopped by Marc-André Fleury with a rebound.
13:12 of 1st period - Maxim Afinogenov is hit by Brayden Schenn and loses puck.
13:41 of 1st period - Brendan Gallagher is hit by Calvin de Haan and loses puck.
13:54 of 1st period - Maxim Afinogenov is hit by Ben Smith and loses puck.
14:02 of 1st period - Kevin Shattenkirk is hit by Maxim Afinogenov and loses puck.
14:26 of 1st period - Jake Guentzel is hit by Denis Grebeshkov and loses puck.
15:11 of 1st period - Icing by Mika Zibanejad.
15:12 of 1st period - Mikael Granlund wins face-off versus Mika Zibanejad in Maple Leafs zone.
15:19 of 1st period - Snap shot by Andy Miele.
15:19 of 1st period - Shot Misses the Net.
15:25 of 1st period - Maxim Afinogenov is hit by Blake Comeau and loses puck.
15:40 of 1st period - Slapshot by John Klingberg.
15:40 of 1st period - Stopped by Anders Lindback with a rebound.
15:42 of 1st period - Snap shot by Mika Zibanejad.
15:42 of 1st period - Goal by Mika Zibanejad - Predators : 0 - Maple Leafs : 1.
15:43 of 1st period - Mikael Granlund wins face-off versus Jordan Staal in neutral zone.
15:48 of 1st period - Slapshot by Ryan Mcdonagh.
15:48 of 1st period - Stopped by Marc-André Fleury without a rebound.
15:49 of 1st period - Jordan Staal wins face-off versus Mikael Granlund in Maple Leafs zone.
15:58 of 1st period - Snap shot by Taylor Hall.
15:58 of 1st period - Stopped by Anders Lindback with a rebound.
16:36 of 1st period - Wrist shot by Maxim Afinogenov.
16:36 of 1st period - Stopped by Marc-André Fleury with a rebound.
16:45 of 1st period - Snap shot by Maxim Afinogenov.
16:45 of 1st period - Stopped by Marc-André Fleury with a rebound.
17:06 of 1st period - Wrist shot by Beau Bennett.
17:06 of 1st period - Shot Misses the Net.
17:20 of 1st period - Denis Grebeshkov is hit by Taylor Hall and loses puck.
17:29 of 1st period - Wrist shot by Taylor Hall.
17:29 of 1st period - Stopped by Anders Lindback without a rebound.
17:30 of 1st period - Ryan Kesler wins face-off versus Taylor Hall in Predators zone.
18:05 of 1st period - Off-side.
18:06 of 1st period - Mika Zibanejad wins face-off versus Mikael Granlund in neutral zone.
18:09 of 1st period - Slapshot by John Klingberg.
18:09 of 1st period - Shot Blocked by Niclas Bergfors.
18:11 of 1st period - Wrist shot by Mika Zibanejad.
18:11 of 1st period - Stopped by Anders Lindback without a rebound.
18:12 of 1st period - Alexander Ovechkin wins face-off versus Jordan Staal in Predators zone.
19:03 of 1st period - Alexander Edler is hit by Kevin Shattenkirk and loses puck.
19:28 of 1st period - Wrist shot by Alexander Ovechkin.
19:28 of 1st period - Stopped by Marc-André Fleury with a rebound.
19:55 of 1st period - Snap shot by Jake Guentzel.
19:55 of 1st period - Goal by Jake Guentzel - Predators : 0 - Maple Leafs : 2.
19:56 of 1st period - Jordan Staal wins face-off versus Ryan Kesler in neutral zone.
Goals for this period are 0 for Predators vs 2 for Maple Leafs.
Shots for this period are 17 for Predators vs 10 for Maple Leafs.
2nd period
0:01 of 2nd period - Mikael Granlund wins face-off versus Patrick Kane in neutral zone.
0:04 of 2nd period - Taylor Hall is hit by Niclas Bergfors and loses puck.
0:57 of 2nd period - Wrist shot by Blake Comeau.
0:57 of 2nd period - Goal by Blake Comeau - Predators : 0 - Maple Leafs : 3.
0:58 of 2nd period - Jordan Staal wins face-off versus Mikael Granlund in neutral zone.
1:25 of 2nd period - John Klingberg is hit by Ryan Kesler.
1:31 of 2nd period - Wrist shot by Brayden Schenn.
1:31 of 2nd period - Shot Misses the Net.
1:45 of 2nd period - Slapshot by Kevin Shattenkirk.
1:45 of 2nd period - Stopped by Anders Lindback without a rebound.
1:46 of 2nd period - Nate Thompson wins face-off versus Andy Miele in Predators zone.
1:59 of 2nd period - Wrist shot by Beau Bennett.
1:59 of 2nd period - Stopped by Anders Lindback with a rebound.
2:13 of 2nd period - Justin Faulk is hit by Taylor Hall and loses puck.
2:34 of 2nd period - Slapshot by Brendan Gallagher.
2:34 of 2nd period - Stopped by Marc-André Fleury without a rebound.
2:35 of 2nd period - Alex Killorn wins face-off versus Brayden Schenn in Maple Leafs zone.
3:08 of 2nd period - Snap shot by Blake Comeau.
3:08 of 2nd period - Shot Blocked by Ryan Kesler.
3:48 of 2nd period - Taylor Hall is hit by John Moore and loses puck.
4:03 of 2nd period - Snap shot by Taylor Hall.
4:03 of 2nd period - Shot Blocked by Alexander Ovechkin.
4:05 of 2nd period - Slapshot by Braydon Coburn.
4:05 of 2nd period - Stopped by Anders Lindback with a rebound.
4:07 of 2nd period - Snap shot by Patrick Kane.
4:07 of 2nd period - Stopped by Anders Lindback without a rebound.
4:08 of 2nd period - Brayden Schenn wins face-off versus Andy Miele in Predators zone.
4:54 of 2nd period - Slapshot by Justin Abdelkader.
4:54 of 2nd period - Stopped by Marc-André Fleury without a rebound.
4:55 of 2nd period - Nate Thompson wins face-off versus Nik Antropov in Maple Leafs zone.
5:17 of 2nd period - Icing by Nate Thompson.
5:18 of 2nd period - Jordan Staal wins face-off versus Mikael Granlund in Maple Leafs zone.
6:08 of 2nd period - Wrist shot by Mika Zibanejad.
6:08 of 2nd period - Deflect By Blake Comeau.
6:08 of 2nd period - Shot Blocked by Andy Miele.
6:08 of 2nd period - Puck is out of play.
6:09 of 2nd period - Andy Miele wins face-off versus Mika Zibanejad in Predators zone.
7:36 of 2nd period - Minor Penalty to Justin Abdelkader for Boarding.
7:37 of 2nd period - Jordan Staal wins face-off versus Alexander Ovechkin in Predators zone.
8:04 of 2nd period - John Moore is hit by Brayden Schenn and loses puck.
9:36 of 2nd period - Penalty to Justin Abdelkader is over, Justin Abdelkader is back on ice.
9:50 of 2nd period - Nik Antropov is hit by Mika Zibanejad and loses puck.
10:55 of 2nd period - Brayden Schenn is hit by Maxim Afinogenov and loses puck.
11:08 of 2nd period - Byron Bitz is hit by Taylor Hall and loses puck.
12:32 of 2nd period - Icing by Calvin de Haan.
12:33 of 2nd period - Ryan Kesler wins face-off versus Jordan Staal in Maple Leafs zone.
12:46 of 2nd period - Wrist shot by Taylor Hall.
12:46 of 2nd period - Stopped by Anders Lindback without a rebound.
12:47 of 2nd period - Jordan Staal wins face-off versus Mikael Granlund in Predators zone.
13:24 of 2nd period - Minor Penalty to Mikael Granlund for High sticking.
13:25 of 2nd period - Brayden Schenn wins face-off versus Alexander Ovechkin in Predators zone.
13:31 of 2nd period - Slapshot by Kyle Clifford.
13:31 of 2nd period - Stopped by Anders Lindback with a rebound.
13:33 of 2nd period - Slapshot by Ben Smith.
13:33 of 2nd period - Deflect By Brayden Schenn.
13:33 of 2nd period - Shot Blocked by Alexander Edler.
13:33 of 2nd period - Puck is out of play.
13:34 of 2nd period - Alexander Ovechkin wins face-off versus Brayden Schenn in Predators zone.
13:47 of 2nd period - Slapshot by Kevin Shattenkirk.
13:47 of 2nd period - Shot Blocked by Ryan Mcdonagh.
13:49 of 2nd period - Wrist shot by Kevin Shattenkirk.
13:49 of 2nd period - Deflect By Kyle Clifford.
13:49 of 2nd period - Shot Misses the Net.
13:49 of 2nd period - Puck is out of play.
13:50 of 2nd period - Alexander Ovechkin wins face-off versus Jordan Staal in Predators zone.
14:11 of 2nd period - Wrist shot by Kevin Shattenkirk.
14:11 of 2nd period - Shot Blocked by Ryan Mcdonagh.
14:28 of 2nd period - Snap shot by Maxim Afinogenov.
14:28 of 2nd period - Stopped by Marc-André Fleury without a rebound.
14:29 of 2nd period - Jordan Staal wins face-off versus Alexander Ovechkin in Maple Leafs zone.
14:36 of 2nd period - Wrist shot by Patrick Kane.
14:36 of 2nd period - Shot Misses the Net.
14:56 of 2nd period - Kyle Clifford is hit by Andy Miele and loses puck.
15:24 of 2nd period - Penalty to Mikael Granlund is over, Mikael Granlund is back on ice.
16:01 of 2nd period - Snap shot by Nik Antropov.
16:01 of 2nd period - Deflect By Maxim Afinogenov.
16:01 of 2nd period - Stopped by Marc-André Fleury with a rebound.
16:03 of 2nd period - Slapshot by Alexander Edler.
16:03 of 2nd period - Deflect By Alexander Steen.
16:03 of 2nd period - Stopped by Marc-André Fleury with a rebound.
16:07 of 2nd period - Snap shot by Alexander Steen.
16:07 of 2nd period - Deflect By Maxim Afinogenov.
16:07 of 2nd period - Shot Misses the Net.
16:07 of 2nd period - Puck is out of play.
16:08 of 2nd period - Brayden Schenn wins face-off versus Niclas Bergfors in Maple Leafs zone.
16:08 of 2nd period - Brayden Schenn is hit by John Moore.
16:30 of 2nd period - Minor Penalty to Kevin Shattenkirk for Slashing.
16:31 of 2nd period - Mikael Granlund wins face-off versus Patrick Kane in Maple Leafs zone.
16:44 of 2nd period - Snap shot by Niclas Bergfors.
16:44 of 2nd period - Stopped by Marc-André Fleury with a rebound.
16:46 of 2nd period - Slapshot by Ryan Mcdonagh.
16:46 of 2nd period - Shot Blocked by Taylor Hall.
17:26 of 2nd period - Wrist shot by Brayden Schenn.
17:26 of 2nd period - Shot Misses the Net.
17:28 of 2nd period - Wrist shot by Brayden Schenn.
17:28 of 2nd period - Shot Misses the Net.
17:30 of 2nd period - Snap shot by Jordan Staal.
17:30 of 2nd period - Goal by Jordan Staal - Predators : 0 - Maple Leafs : 4.
17:30 of 2nd period - Viktor Fasth enters game.
17:31 of 2nd period - Mikael Granlund wins face-off versus Patrick Kane in neutral zone.
17:34 of 2nd period - Taylor Hall is hit by Niclas Bergfors and loses puck.
18:30 of 2nd period - Penalty to Kevin Shattenkirk is over, Kevin Shattenkirk is back on ice.
19:04 of 2nd period - Slapshot by Calvin de Haan.
19:04 of 2nd period - Deflect By Jake Guentzel.
19:04 of 2nd period - Stopped by Viktor Fasth with a rebound.
19:26 of 2nd period - Snap shot by Kyle Clifford.
19:26 of 2nd period - Shot Misses the Net.
19:28 of 2nd period - Slapshot by Calvin de Haan.
19:28 of 2nd period - Stopped by Viktor Fasth with a rebound.
19:40 of 2nd period - Snap shot by Blake Comeau.
19:40 of 2nd period - Shot Blocked by Ryan Kesler.
19:42 of 2nd period - Slapshot by John Klingberg.
19:42 of 2nd period - Deflect By Mika Zibanejad.
19:42 of 2nd period - Stopped by Viktor Fasth without a rebound.
19:43 of 2nd period - Mika Zibanejad wins face-off versus Ryan Kesler in Predators zone.
19:47 of 2nd period - Brendan Gallagher beats up John Klingberg.
19:47 of 2nd period - Penalty to John Klingberg for Fighting.
19:47 of 2nd period - Penalty to Brendan Gallagher for Fighting.
19:48 of 2nd period - Mikael Granlund wins face-off versus Patrick Kane in Predators zone.
Goals for this period are 0 for Predators vs 2 for Maple Leafs.
Shots for this period are 6 for Predators vs 11 for Maple Leafs.
3rd period
0:01 of 3rd period - Mikael Granlund wins face-off versus Jordan Staal in neutral zone.
0:08 of 3rd period - Snap shot by Niclas Bergfors.
0:08 of 3rd period - Shot Misses the Net.
0:26 of 3rd period - Maxim Afinogenov is hit by Ben Smith.
0:34 of 3rd period - Hampus Lindholm is hit by Ryan Kesler and loses puck.
1:12 of 3rd period - Slapshot by Nate Schmidt.
1:12 of 3rd period - Stopped by Marc-André Fleury with a rebound.
1:53 of 3rd period - Minor Penalty to Taylor Hall for Hooking.
1:54 of 3rd period - Patrick Kane wins face-off versus Mikael Granlund in Maple Leafs zone.
2:03 of 3rd period - Snap shot by Niclas Bergfors.
2:03 of 3rd period - Shot Misses the Net.
2:05 of 3rd period - Slapshot by Alexander Edler.
2:05 of 3rd period - Goal by Alexander Edler - Predators : 1 - Maple Leafs : 4.
2:06 of 3rd period - Brayden Schenn wins face-off versus Mikael Granlund in neutral zone.
2:36 of 3rd period - Jordan Staal is hit by Alex Killorn and loses puck.
2:42 of 3rd period - Off-side.
2:43 of 3rd period - Ryan Kesler wins face-off versus Jordan Staal in neutral zone.
4:35 of 3rd period - Slapshot by Kevin Shattenkirk.
4:35 of 3rd period - Stopped by Viktor Fasth without a rebound.
4:36 of 3rd period - Ben Smith wins face-off versus Mikael Granlund in Predators zone.
4:47 of 3rd period - Snap shot by Brayden Schenn.
4:47 of 3rd period - Stopped by Viktor Fasth with a rebound.
5:01 of 3rd period - Taylor Hall is hit by Alex Killorn and loses puck.
5:32 of 3rd period - Wrist shot by Maxim Afinogenov.
5:32 of 3rd period - Shot Misses the Net.
5:34 of 3rd period - Snap shot by Denis Grebeshkov.
5:34 of 3rd period - Shot Blocked by Blake Comeau.
5:36 of 3rd period - Slapshot by Denis Grebeshkov.
5:36 of 3rd period - Shot Blocked by Blake Comeau.
6:37 of 3rd period - Slapshot by Kevin Shattenkirk.
6:37 of 3rd period - Stopped by Viktor Fasth without a rebound.
6:38 of 3rd period - Jordan Staal wins face-off versus Ryan Kesler in Predators zone.
6:47 of 3rd period - Wrist shot by Patrick Kane.
6:47 of 3rd period - Stopped by Viktor Fasth without a rebound.
6:48 of 3rd period - Jordan Staal wins face-off versus Brendan Gallagher in Predators zone.
7:03 of 3rd period - Wrist shot by Taylor Hall.
7:03 of 3rd period - Stopped by Viktor Fasth with a rebound.
7:15 of 3rd period - Wrist shot by Jordan Staal.
7:15 of 3rd period - Shot Blocked by Alex Killorn.
7:17 of 3rd period - Wrist shot by Patrick Kane.
7:17 of 3rd period - Shot Misses the Net.
7:19 of 3rd period - Snap shot by Jordan Staal.
7:19 of 3rd period - Shot Misses the Net.
7:21 of 3rd period - Snap shot by Taylor Hall.
7:21 of 3rd period - Shot Blocked by Justin Faulk.
7:37 of 3rd period - Snap shot by Patrick Kane.
7:37 of 3rd period - Shot Misses the Net.
8:39 of 3rd period - Off-side.
8:40 of 3rd period - Mikael Granlund wins face-off versus Brayden Schenn in neutral zone.
9:23 of 3rd period - Minor Penalty to Blake Comeau for Tripping.
9:24 of 3rd period - Alexander Ovechkin wins face-off versus Brayden Schenn in Maple Leafs zone.
9:40 of 3rd period - Snap shot by Niclas Bergfors.
9:40 of 3rd period - Deflect By Alexander Ovechkin.
9:40 of 3rd period - Shot Misses the Net.
9:40 of 3rd period - Puck is out of play.
9:41 of 3rd period - Alexander Ovechkin wins face-off versus Patrick Kane in Maple Leafs zone.
9:42 of 3rd period - Snap shot by Mikael Granlund.
9:42 of 3rd period - Shot Hit the Post.
9:44 of 3rd period - Slapshot by Alexander Edler.
9:44 of 3rd period - Goal by Alexander Edler - Predators : 2 - Maple Leafs : 4.
9:45 of 3rd period - Brayden Schenn wins face-off versus Mikael Granlund in neutral zone.
9:54 of 3rd period - Slapshot by Kevin Shattenkirk.
9:54 of 3rd period - Stopped by Viktor Fasth without a rebound.
9:55 of 3rd period - Brayden Schenn wins face-off versus Mikael Granlund in Predators zone.
10:12 of 3rd period - Slapshot by Kevin Shattenkirk.
10:12 of 3rd period - Shot Blocked by Alexander Ovechkin.
11:08 of 3rd period - Snap shot by Mikael Granlund.
11:08 of 3rd period - Stopped by Marc-André Fleury without a rebound.
11:09 of 3rd period - Andy Miele wins face-off versus Jordan Staal in Maple Leafs zone.
11:14 of 3rd period - Slapshot by Andy Miele.
11:14 of 3rd period - Stopped by Marc-André Fleury with a rebound.
11:26 of 3rd period - Denis Grebeshkov is hit by Jordan Staal and loses puck.
11:37 of 3rd period - Brendan Gallagher is hit by Mika Zibanejad and loses puck.
12:02 of 3rd period - Slapshot by Jake Guentzel.
12:02 of 3rd period - Deflect By Denis Grebeshkov.
12:02 of 3rd period - Stopped by Viktor Fasth without a rebound.
12:03 of 3rd period - Jordan Staal wins face-off versus Andy Miele in Predators zone.
12:09 of 3rd period - Minor Penalty to Andy Miele for Hooking.
12:10 of 3rd period - Jordan Staal wins face-off versus Alexander Ovechkin in Predators zone.
12:26 of 3rd period - Slapshot by Taylor Hall.
12:26 of 3rd period - Shot Misses the Net.
13:34 of 3rd period - Patrick Kane is hit by Mikael Granlund and loses puck.
14:09 of 3rd period - Penalty to Andy Miele is over, Andy Miele is back on ice.
14:31 of 3rd period - Wrist shot by Justin Abdelkader.
14:31 of 3rd period - Stopped by Marc-André Fleury with a rebound.
14:33 of 3rd period - Wrist shot by Alexander Edler.
14:33 of 3rd period - Stopped by Marc-André Fleury with a rebound.
14:35 of 3rd period - Slapshot by Ryan Mcdonagh.
14:35 of 3rd period - Shot Misses the Net.
14:37 of 3rd period - Snap shot by Andy Miele.
14:37 of 3rd period - Deflect By Justin Abdelkader.
14:37 of 3rd period - Shot Misses the Net.
14:37 of 3rd period - Puck is out of play.
14:38 of 3rd period - Ryan Kesler wins face-off versus Jake Guentzel in Maple Leafs zone.
15:26 of 3rd period - Wrist shot by Patrick Kane.
15:26 of 3rd period - Goal by Patrick Kane - Predators : 2 - Maple Leafs : 5.
15:27 of 3rd period - Andy Miele wins face-off versus Jordan Staal in neutral zone.
15:43 of 3rd period - Alexander Steen is hit by Taylor Hall and loses puck.
16:36 of 3rd period - Slapshot by Taylor Hall.
16:36 of 3rd period - Stopped by Viktor Fasth with a rebound.
17:44 of 3rd period - Snap shot by Mika Zibanejad.
17:44 of 3rd period - Stopped by Viktor Fasth without a rebound.
17:45 of 3rd period - Mika Zibanejad wins face-off versus Ryan Kesler in Predators zone.
17:46 of 3rd period - Slapshot by Kevin Shattenkirk.
17:46 of 3rd period - Stopped by Viktor Fasth without a rebound.
17:47 of 3rd period - Patrick Kane wins face-off versus Brendan Gallagher in Predators zone.
18:15 of 3rd period - Off-side.
18:16 of 3rd period - Mikael Granlund wins face-off versus Brayden Schenn in neutral zone.
19:05 of 3rd period - Alex Killorn is hit by Taylor Hall.
Goals for this period are 2 for Predators vs 1 for Maple Leafs.
Shots for this period are 7 for Predators vs 11 for Maple Leafs.
Back to the Top